[Event "Titled Tuesday Blitz November 22 Late 2022"]
[White "Floresvillar Gonzalez, Luis Migu"]
[Black "Lopez Gracia, Fernando"]
[WhiteFideId "5100542"]
[BlackFideId "2207184"]
[WhiteElo "2040"]
[BlackElo "2461"]
[Result "0-1"]
[Round "04"]
[TimeControl "180+1"]
[Date "2022.11.23"]
[WhiteClock "0:00:01"]
[BlackClock "0:00:37"]

1. d4 Nf6 2. c3 b6 3. Bg5 Bb7 4. Nd2 e6 5. e4 h6 6. Bxf6 Qxf6 7. e5 Qd8 8. Ngf3 d6 9. exd6 Bxd6 10. Bd3 Nd7 11. Qe2 Nf6 12. Ne4 Be7 13. O-O O-O 14. Ne5 Qd5 15. f3 c5 16. Bc4 Qd8 17. Rad1 Qc7 18. Nxf6+ Bxf6 19. f4 cxd4 20. cxd4 Rfd8 21. Nxf7 Rxd4 22. Bxe6 Kf8 23. f5 Qc5 24. Rxd4 Qxd4+ 25. Kh1 Qxb2 26. Qxb2 Bxb2 27. Nd6 Ba6 28. Nc4 Bf6 29. Rd1 Re8 30. Ne3 Rd8 31. Rxd8+ Bxd8 32. Nc4 Bc7 33. g4 b5 34. Ne3 b4 35. Nd5 Bd6 36. Kg2 Bc4 37. Ne3 Bd3 38. Kf3 a5 39. h4 a4 40. g5 hxg5 41. hxg5 Bc5 42. Nd5 Bc4 43. Nf4 b3 44. axb3 a3 45. Ng6+ Ke8 0-1


[Site "https://www.chess.com"]

[Event "Titled Tuesday Blitz November 22 Late 2022"]
[White "Garcia Pantoja, Roberto"]
[Black "Jegorovas, Aleksandras"]
[WhiteFideId "3509265"]
[BlackFideId "12801950"]
[WhiteElo "2524"]
[BlackElo "2247"]
[Result "1/2-1/2"]
[Round "04"]
[TimeControl "180+1"]
[Date "2022.11.23"]
[WhiteClock "0:00:10"]
[BlackClock "0:00:13"]

1. e4 e6 2. d4 d5 3. Nc3 Bb4 4. e5 c5 5. a3 Ba5 6. b4 cxd4 7. Nb5 Bc7 8. f4 Bd7 9. Nf3 Bxb5 10. Bxb5+ Nd7 11. Nxd4 Ne7 12. Be3 O-O 13. O-O Bb6 14. Bd3 Nc6 15. c3 f5 16. Kh1 Nxd4 17. cxd4 Qe7 18. Rg1 Kh8 19. Rc1 Rac8 20. Qe2 Nb8 21. Qb2 Nc6 22. Bb5 g5 23. Bxc6 bxc6 24. Rgf1 g4 25. Rc2 Qb7 26. Rfc1 a6 27. Qc3 Ba7 28. Qd3 Rc7 29. Bf2 Rfc8 30. Bh4 Qb5 31. Bf6+ Kg8 32. Qe3 a5 33. Qf2 axb4 34. axb4 Qd3 35. Qh4 Bxd4 36. Qg5+ Kf8 37. Qh6+ Kg8 38. Rxc6 Bb6 39. Qg5+ Kf8 40. Qh6+ Kg8 41. Qh5 Qe3 42. Qg5+ Kf8 43. Bg7+ Kf7 44. Qf6+ Kg8 45. Qxe6+ Kxg7 46. Rxc7+ Rxc7 47. Rxc7+ Bxc7 48. Qf6+ Kg8 49. Qe6+ Kg7 50. Qe7+ Kg8 51. Qe8+ Kg7 52. Qd7+ Kg6 53. Qe6+ Kg7 1/2-1/2


[Site "https://www.chess.com"]

[Event "Titled Tuesday Blitz November 22 Late 2022"]
[White "Garcia Ramos, Daniel"]
[Black "Bach, Matthias"]
[WhiteFideId "32010311"]
[BlackFideId "4603168"]
[WhiteElo "2357"]
[BlackElo "2165"]
[Result "1-0"]
[Round "04"]
[TimeControl "180+1"]
[Date "2022.11.23"]
[WhiteClock "0:00:12"]
[BlackClock "0:00:19"]

1. e4 e5 2. Nf3 Nc6 3. Bc4 Nf6 4. d3 d6 5. O-O Be6 6. Nbd2 Be7 7. h3 Qd7 8. Re1 O-O-O 9. Bxe6 fxe6 10. c3 h6 11. b4 Rdf8 12. a4 g5 13. a5 g4 14. hxg4 Nxg4 15. b5 Nd8 16. b6 cxb6 17. axb6 a6 18. Nc4 Bg5 19. d4 Nf7 20. Nxg5 Nxf2 21. Kxf2 hxg5 22. Ba3 Nd8+ 23. Ke3 Rf4 24. dxe5 Qc6 25. Nxd6+ Kb8 26. Qd4 Rhh4 27. Kd3 Nf7 28. Nxf7 Qb5+ 29. Kc2 Qe8 30. Qd8+ Qxd8 31. Nxd8 Rf2+ 32. Kd3 Rg4 33. Nxe6 Rgxg2 34. Bd6+ Kc8 35. Nc5 Rd2+ 36. Kc4 1-0


[Site "https://www.chess.com"]

[Event "Titled Tuesday Blitz November 22 Late 2022"]
[White "Gareyev, Timur"]
[Black "Osmak, Yuliia"]
[WhiteFideId "14200937"]
[BlackFideId "14101602"]
[WhiteElo "2552"]
[BlackElo "2328"]
[Result "1-0"]
[Round "04"]
[TimeControl "180+1"]
[Date "2022.11.23"]
[WhiteClock "0:00:11"]
[BlackClock "0:00:16"]

1. d4 d5 2. Nf3 Nf6 3. c4 c5 4. cxd5 cxd4 5. Nxd4 Qxd5 6. Nc3 Qa5 7. Nb3 Qc7 8. e4 e5 9. Nb5 Bb4+ 10. Bd2 Qe7 11. Bxb4 Qxb4+ 12. Qd2 Qxd2+ 13. Kxd2 Nc6 14. Nc7+ Ke7 15. Nxa8 Nxe4+ 16. Ke3 f5 17. Nc7 Nd6 18. Nd5+ Kf7 19. f3 Be6 20. Nc3 f4+ 21. Kf2 Nf5 22. Rd1 Ne3 23. Rd2 Bxb3 24. axb3 Nd4 25. Bc4+ Kg6 26. Re1 a6 27. Nd1 Ndc2 28. Ree2 Nd4 29. Nxe3 Nxe2 30. Rd6+ Kh5 31. Nf5 Nd4 32. Nxg7+ Kg5 33. Ne6+ Nxe6 34. Rxe6 Kf5 35. g4+ fxg3+ 36. hxg3 b5 37. Bd5 Rc8 38. Ke3 Rc1 39. g4+ Kg5 40. Rxe5+ Kh4 41. Kf4 Kh3 42. g5 Rc2 43. Re7 Rxb2 44. Rxh7+ Kg2 45. g6 Kf1 46. g7 Rg2 47. Rh1+ Kf2 48. Rh2 Rxh2 49. g8=Q 1-0


[Site "https://www.chess.com"]

[Event "Titled Tuesday Blitz November 22 Late 2022"]
[White "Golubev, Mikhail"]
[Black "Vykouk, Jan"]
[WhiteFideId "14100983"]
[BlackFideId "349658"]
[WhiteElo "2374"]
[BlackElo "2378"]
[Result "1-0"]
[Round "04"]
[TimeControl "180+1"]
[Date "2022.11.23"]
[WhiteClock "0:00:11"]
[BlackClock "0:01:02"]

1. e4 c5 2. Nf3 d6 3. d4 cxd4 4. Nxd4 Nf6 5. Nc3 a6 6. Bc4 e6 7. O-O b5 8. Bb3 Qc7 9. f4 Nc6 10. Nxc6 Qxc6 11. f5 Be7 12. fxe6 fxe6 13. Kh1 O-O 14. Nd5 Bd8 15. Bg5 Kh8 16. Bxf6 gxf6 17. Nf4 Qxe4 18. Qxd6 Re8 19. Rae1 Qb7 20. Bxe6 Be7 21. Bd5 Qa7 22. Rxe7 Rxe7 23. Qxf6+ 1-0


[Site "https://www.chess.com"]

[Event "Titled Tuesday Blitz November 22 Late 2022"]
[White "Gonzalez, Francisco Silva"]
[Black "Ardila, Oscar Humberto"]
[WhiteFideId "1512285"]
[BlackFideId "4404742"]
[WhiteElo "2159"]
[BlackElo "1959"]
[Result "1-0"]
[Round "04"]
[TimeControl "180+1"]
[Date "2022.11.23"]
[WhiteClock "0:01:09"]
[BlackClock "0:00:12"]

1. d4 Nf6 2. c4 e6 3. Nc3 Bb4 4. a3 Bxc3+ 5. bxc3 O-O 6. e3 c5 7. Bd3 b6 8. e4 d6 9. Nf3 Bb7 10. Qe2 e5 11. d5 Nbd7 12. Bg5 Re8 13. Nd2 Nf8 14. h4 h6 15. Be3 Ng6 16. g3 Qe7 17. h5 Nf8 18. f3 N6h7 19. Kf2 Bc8 20. Kg2 f5 21. exf5 Qf6 22. Ne4 Qe7 23. g4 Nf6 24. Nxf6+ Qxf6 25. Be4 Nh7 26. Qd2 Ba6 27. Qd3 Ng5 28. a4 Nxe4 29. fxe4 Qe7 30. a5 Qc7 31. g5 hxg5 32. Bxg5 Kf7 33. Rhb1 Rh8 34. Qe2 bxa5 35. Kg3 Rab8 36. h6 Rxb1 37. Qh5+ Kg8 38. Qe8+ Kh7 39. Qg6+ Kg8 40. Rxb1 a4 41. Rb8+ Bc8 42. Rxc8+ Qxc8 43. Qxg7# 1-0


[Site "https://www.chess.com"]

[Event "Titled Tuesday Blitz November 22 Late 2022"]
[White "Graif, William"]
[Black "Pino Perez, Lazaro"]
[WhiteFideId "2609835"]
[BlackFideId "3517055"]
[WhiteElo "2205"]
[BlackElo "2170"]
[Result "0-1"]
[Round "04"]
[TimeControl "180+1"]
[Date "2022.11.23"]
[WhiteClock "0:00:01"]
[BlackClock "0:00:16"]

1. e4 c5 2. Nc3 g6 3. Bc4 Bg7 4. h4 h5 5. Qf3 e6 6. d4 cxd4 7. Nb5 d5 8. exd5 exd5 9. Bxd5 Nf6 10. Bxb7 Qa5+ 11. Bd2 Qxb5 12. Bxa8 O-O 13. Ne2 Re8 14. Qd3 Qe5 15. Bf3 Ng4 16. g3 Ba6 17. Qe4 Qxe4 18. Bxe4 Rxe4 19. O-O-O Bxe2 20. Rde1 Ne5 21. f3 Nxf3 22. Rxe2 Rxe2 23. Bf4 Nd7 24. Kd1 Rf2 25. b3 Nf6 26. Kc1 Nd5 27. Rd1 Nb4 0-1


[Site "https://www.chess.com"]

[Event "Titled Tuesday Blitz November 22 Late 2022"]
[White "Granados Diaz, Maria Esther"]
[Black "Palencia Morales, Wilson Guillermo"]
[WhiteFideId "6101488"]
[BlackFideId "4401859"]
[WhiteElo "1872"]
[BlackElo "2160"]
[Result "0-1"]
[Round "04"]
[TimeControl "180+1"]
[Date "2022.11.23"]
[WhiteClock "0:00:14"]
[BlackClock "0:00:56"]

1. e4 c5 2. Nc3 Nc6 3. Bb5 Nd4 4. Nf3 Nxb5 5. Nxb5 d6 6. d4 a6 7. Nc3 cxd4 8. Qxd4 e5 9. Qd3 h6 10. Be3 Be6 11. O-O Rc8 12. Rfd1 Nf6 13. h3 Be7 14. Nd5 Bxd5 15. exd5 e4 16. Qd2 exf3 17. gxf3 O-O 18. b3 Nh7 19. c4 Bg5 20. Rac1 Bxe3 21. fxe3 Qh4 22. Kh2 Rce8 23. f4 Nf6 24. Rg1 Ne4 25. Qd4 Qf2+ 26. Rg2 Qxg2+ 27. Kxg2 f5 28. Rg1 Rf7 29. Kf3 Rfe7 30. Ke2 b5 31. Rg6 b4 32. Re6 Rxe6 33. dxe6 Rxe6 34. Kd1 Kf7 35. Kc2 Nc5 36. Qd5 Kf6 37. Qd4+ Kf7 38. Kb2 g5 39. fxg5 hxg5 40. a3 a5 41. Qd5 Kf6 42. Qd4+ Kg6 43. h4 gxh4 44. Qxh4 Rxe3 45. axb4 Rxb3+ 46. Kc2 axb4 47. Qd8 Rc3+ 48. Kb2 Rd3 49. Qg8+ Kh5 50. Qh7+ Kg4 51. Qg7+ Kf3 52. Qg1 f4 53. Qf1+ Ke4 54. Qe1+ Kd4 55. Qf2+ Ke5 56. Qe1+ Re3 57. Qd1 Nd3+ 58. Ka1 Re1 59. Qxe1+ Nxe1 60. Kb2 Kd4 61. Kb3 Kc5 0-1


[Site "https://www.chess.com"]

[Event "Titled Tuesday Blitz November 22 Late 2022"]
[White "Gritsenko, Nikolai"]
[Black "Ibadov, Dashgyn"]
[WhiteFideId "14112493"]
[BlackFideId "24107514"]
[WhiteElo "2389"]
[BlackElo "2208"]
[Result "1/2-1/2"]
[Round "04"]
[TimeControl "180+1"]
[Date "2022.11.23"]
[WhiteClock "0:00:11"]
[BlackClock "0:00:12"]

1. d4 Nf6 2. Bg5 Ne4 3. h4 d5 4. Nd2 Nxd2 5. Qxd2 Nd7 6. e3 Nf6 7. Bxf6 exf6 8. c4 h5 9. Rc1 c6 10. Nf3 Bg4 11. cxd5 Qxd5 12. Bc4 Qd6 13. Qa5 Be7 14. a3 O-O 15. Nh2 b6 16. Qd2 Bf5 17. Qe2 g6 18. g4 hxg4 19. Nxg4 Kg7 20. h5 gxh5 21. Nh6 Bg6 22. Rxh5 Rh8 23. Nf5+ Bxf5 24. Rxf5 Rh1+ 25. Kd2 Rxc1 26. Kxc1 Rh8 27. Qg4+ Kf8 28. Rf3 b5 29. Bb3 c5 30. Qc8+ Qd8 31. Qxd8+ Bxd8 32. dxc5 Rh5 33. Bc2 Rxc5 34. Rf5 Rxf5 35. Bxf5 a5 36. Kc2 b4 37. axb4 axb4 38. Kb3 Be7 39. Kc4 Kg7 40. b3 Bd6 41. Be4 Be7 42. Bf3 Bd6 43. Bh5 Be7 44. Kd5 Bf8 45. f4 Be7 46. Kc6 Bf8 47. e4 Be7 48. f5 Bd8 49. Kd7 Bb6 50. Ke8 Bd4 51. Bxf7 Be5 52. Bd5 Bc3 53. Kd7 Be5 54. Kc6 Bc3 55. Kc5 Kf8 56. Kc4 Ke7 57. Kc5 Bd2 58. Kd4 Kd6 59. Kd3 Bc3 60. Kc4 Ke5 61. Kb5 Be1 62. Kc6 Bc3 63. Kd7 Be1 64. Ke7 Bc3 65. Kd7 Be1 66. Kc6 Bc3 67. Kb5 Be1 68. Kc4 Bc3 69. Kb5 1/2-1/2


[Site "https://www.chess.com"]

[Event "Titled Tuesday Blitz November 22 Late 2022"]
[White "Gurevich, Dmitry"]
[Black "Drygalov, Andrey"]
[WhiteFideId "2000407"]
[BlackFideId "24171735"]
[WhiteElo "2506"]
[BlackElo "2472"]
[Result "0-1"]
[Round "04"]
[TimeControl "180+1"]
[Date "2022.11.23"]
[WhiteClock "0:00:08"]
[BlackClock "0:01:18"]

1. d4 Nf6 2. c4 e6 3. Nf3 d5 4. Nc3 c6 5. e3 Nbd7 6. Qc2 Bd6 7. b3 O-O 8. Be2 b6 9. O-O Bb7 10. Bb2 Qe7 11. Rad1 Rad8 12. Rfe1 Rfe8 13. g3 c5 14. cxd5 exd5 15. Bf1 Rc8 16. Bg2 cxd4 17. Nxd4 Bb4 18. Rc1 Ne4 19. Qd3 Ndc5 20. Qb1 Nxb3 21. Nf5 Qg5 22. Nxg7 Bxc3 23. Nxe8 Nxc1 24. Bxc3 Nxc3 25. Qb2 Nd3 26. Qa3 Nxe1 0-1


[Site "https://www.chess.com"]

[Event "Titled Tuesday Blitz November 22 Late 2022"]
[White "Hardaway, Brewington"]
[Black "Feng, Eric"]
[WhiteFideId "30941849"]
[BlackFideId "30952590"]
[WhiteElo "2159"]
[BlackElo "1785"]
[Result "1-0"]
[Round "04"]
[TimeControl "180+1"]
[Date "2022.11.23"]
[WhiteClock "0:00:16"]
[BlackClock "0:01:02"]

1. e4 c6 2. c4 d5 3. cxd5 cxd5 4. exd5 Nf6 5. Nc3 Nxd5 6. Bc4 Nb6 7. Bb3 Nc6 8. Nf3 e6 9. O-O Be7 10. d4 O-O 11. Bc2 Bf6 12. Be3 Nd5 13. Nxd5 Qxd5 14. Qd3 g6 15. a3 Rd8 16. Rfd1 b6 17. Bb3 Qd6 18. d5 Na5 19. Ba2 Bb7 20. b4 Nc6 21. dxc6 Qxd3 22. Rxd3 Rxd3 23. cxb7 Rb8 24. Rc1 Rxa3 25. Rc8+ Kg7 26. Rxb8 Rxa2 27. h4 Be7 28. Rg8+ Kxg8 29. b8=Q+ Kg7 30. Bd4+ f6 31. Qc7 Kf7 32. Qf4 Ra4 33. Ng5+ Kg8 34. Bxf6 Bf8 35. Bc3 Ra3 36. Qf7# 1-0


[Site "https://www.chess.com"]

[Event "Titled Tuesday Blitz November 22 Late 2022"]
[White "Haszon, David"]
[Black "Fernandez De La Vara, Arnaldo"]
[WhiteFideId "733610"]
[BlackFideId "3518388"]
[WhiteElo "2211"]
[BlackElo "2387"]
[Result "0-1"]
[Round "04"]
[TimeControl "180+1"]
[Date "2022.11.23"]
[WhiteClock "0:00:50"]
[BlackClock "0:00:10"]

1. e4 c5 2. c3 d5 3. exd5 Qxd5 4. d4 Nc6 5. Nf3 Nf6 6. Be2 Bg4 7. h3 Bh5 8. c4 Qd6 9. d5 Bxf3 10. Bxf3 Nd4 11. Be3 Nf5 12. O-O Nxe3 13. fxe3 g6 14. Nc3 Bg7 15. Qb3 O-O 16. Rae1 Nd7 17. Re2 Rab8 18. Nb5 Qb6 19. Qa3 a6 20. Nc3 Ne5 21. Na4 Qa5 22. Nxc5 Qxa3 23. bxa3 Rfc8 24. Nb3 Rxc4 25. Rd1 b5 26. d6 Rd8 27. Red2 Nxf3+ 28. gxf3 Rxd6 29. Rxd6 exd6 30. Rxd6 Ra4 31. Nc5 Rxa3 32. Rd8+ Bf8 33. Nd7 Kg7 34. Nxf8 Rxa2 35. Rb8 b4 36. Nd7 a5 37. Nc5 Rc2 38. Ne4 Re2 39. Rb5 Rxe3 40. Kf2 Ra3 41. Nd6 b3 42. Nc4 Ra2+ 43. Kg3 a4 44. Kf4 Rc2 45. Rb4 Rxc4+ 46. Rxc4 b2 47. Rb4 a3 48. Rb3 a2 49. Rxb2 a1=Q 50. Re2 Qc1+ 51. Kg3 Qc7+ 52. Kf2 Qc8 53. Kg2 Qf8 54. Rf2 Qg8 55. Re2 Qf8 56. Re4 Qd6 57. Re2 Qf4 58. Rf2 Qe3 59. Re2 Qxe2+ 0-1


[Site "https://www.chess.com"]

[Event "Titled Tuesday Blitz November 22 Late 2022"]
[White "Hjartarson, Johann"]
[Black "Rodriguez Santiago, Jaime"]
[WhiteFideId "2300044"]
[BlackFideId "3100898"]
[WhiteElo "2458"]
[BlackElo "2025"]
[Result "1-0"]
[Round "04"]
[TimeControl "180+1"]
[Date "2022.11.23"]
[WhiteClock "0:01:47"]
[BlackClock "0:00:22"]

1. e4 c6 2. d4 d5 3. e5 Bf5 4. Nf3 e6 5. Be2 c5 6. O-O Nc6 7. Be3 Qb6 8. Nc3 Qxb2 9. Nb5 O-O-O 10. dxc5 Qxc2 11. Qe1 Qa4 12. Nfd4 Nxe5 13. Nxf5 exf5 14. Qb1 f4 15. Qf5+ Rd7 16. Qxe5 fxe3 17. Qe8+ Rd8 18. Nd6+ Bxd6 19. Qxa4 1-0


[Site "https://www.chess.com"]

[Event "Titled Tuesday Blitz November 22 Late 2022"]
[White "Ibarra Jerez, Jose Carlos"]
[Black "Maatman, Nick"]
[WhiteFideId "2226332"]
[BlackFideId "1040391"]
[WhiteElo "2638"]
[BlackElo "2607"]
[Result "1-0"]
[Round "04"]
[TimeControl "180+1"]
[Date "2022.11.22"]
[WhiteClock "0:00:27"]
[BlackClock "0:00:39"]

1. e4 e6 2. d4 d5 3. Nd2 c5 4. exd5 Qxd5 5. Ngf3 cxd4 6. Bc4 Qd7 7. O-O Nc6 8. Nb3 a6 9. a4 Nf6 10. Qe2 Bd6 11. Rd1 Qc7 12. Nbxd4 Nxd4 13. Rxd4 O-O 14. b3 e5 15. Rxd6 Qxd6 16. Ba3 Qc7 17. Bxf8 Kxf8 18. Nxe5 Bf5 19. Re1 Re8 20. f4 Re7 21. h3 h5 22. Bd3 Bxd3 23. Qxd3 Kg8 24. Rd1 Qc5+ 25. Kh2 Qf2 26. Qd2 Qc5 27. c4 h4 28. Qd6 Qxd6 29. Rxd6 Ne4 30. Rd8+ Kh7 31. Nf3 Nc5 32. b4 Nxa4 33. c5 Re4 34. Ng5+ Kg6 35. Nxe4 1-0


[Site "https://www.chess.com"]

[Event "Titled Tuesday Blitz November 22 Late 2022"]
[White "Ivic, Velimir"]
[Black "Deac, Bogdan-Daniel"]
[WhiteFideId "950122"]
[BlackFideId "1226380"]
[WhiteElo "2625"]
[BlackElo "2648"]
[Result "0-1"]
[Round "04"]
[TimeControl "180+1"]
[Date "2022.11.22"]
[WhiteClock "0:00:04"]
[BlackClock "0:00:03"]

1. d4 Nf6 2. c4 e6 3. Nf3 d5 4. g3 dxc4 5. Bg2 Bd7 6. Ne5 Bc6 7. Nxc6 Nxc6 8. e3 Qd7 9. O-O Rd8 10. Qe2 e5 11. Qxc4 exd4 12. exd4 Nxd4 13. Re1+ Be7 14. Be3 c6 15. Nc3 Ne6 16. Rad1 Qc7 17. Bxa7 O-O 18. Be3 Rxd1 19. Rxd1 Rd8 20. Rxd8+ Qxd8 21. b4 h5 22. a4 Ng4 23. Ba7 Qd2 24. Ne4 Qe1+ 25. Qf1 Qxb4 26. Qd1 Qa5 27. Bb8 Qa8 28. Bd6 Qd8 29. Bf3 Bxd6 30. Qxd6 Qa8 31. h3 Nh6 32. Bxh5 Qxa4 33. Bf3 Qd4 34. Qb8+ Qd8 35. Qxb7 Nd4 36. Bg2 Nhf5 37. Kh2 g6 38. Qb2 Kg7 39. Qc3 Nh6 40. Nc5 Nf5 41. g4 Qd6+ 42. Kg1 Nh4 43. Nb3 c5 44. Qxc5 Ne2+ 0-1


[Site "https://www.chess.com"]

[Event "Titled Tuesday Blitz November 22 Late 2022"]
[White "Janaszak, Dawid"]
[Black "Milosevic, Milos"]
[WhiteFideId "1119206"]
[BlackFideId "964875"]
[WhiteElo "2226"]
[BlackElo "2321"]
[Result "1-0"]
[Round "04"]
[TimeControl "180+1"]
[Date "2022.11.23"]
[WhiteClock "0:00:09"]
[BlackClock "0:00:01"]

1. e4 e5 2. Nf3 Nc6 3. Nc3 Nf6 4. h3 d5 5. exd5 Nxd5 6. Bb5 Nxc3 7. bxc3 Bd6 8. O-O O-O 9. Re1 Re8 10. d4 e4 11. Ng5 Bf5 12. Bc4 Bg6 13. h4 Na5 14. Bb5 c6 15. h5 cxb5 16. hxg6 hxg6 17. Qg4 f5 18. Qh4 Qf6 19. Rb1 a6 20. Qh7+ Kf8 21. Qh4 Ke7 22. Bf4 Nc4 23. a4 Rh8 24. Qg3 Bxf4 25. Qxf4 Nd6 26. axb5 axb5 27. c4 bxc4 28. Qe5+ Qxe5 29. dxe5 Ne8 30. Rxb7+ Kf8 31. Rd1 Rc8 32. Rdd7 Ra8 33. Ra7 1-0


[Site "https://www.chess.com"]

[Event "Titled Tuesday Blitz November 22 Late 2022"]
[White "Jarmula, Lukasz"]
[Black "Gutkin, Ilya"]
[WhiteFideId "1160664"]
[BlackFideId "16203470"]
[WhiteElo "2357"]
[BlackElo "2265"]
[Result "1-0"]
[Round "04"]
[TimeControl "180+1"]
[Date "2022.11.23"]
[WhiteClock "0:01:08"]
[BlackClock "0:00:03"]

1. e4 e6 2. d4 d5 3. Nd2 c5 4. Ngf3 a6 5. exd5 exd5 6. Bd3 Nf6 7. O-O Be7 8. Re1 O-O 9. dxc5 Bxc5 10. Nb3 Bb6 11. Be3 Nc6 12. Bxb6 Qxb6 13. h3 h6 14. c3 Be6 15. Qd2 Rfe8 16. Nbd4 Rad8 17. Re2 Bd7 18. Rae1 Qc7 19. Re3 Qd6 20. R1e2 Kf8 21. Qe1 Nh5 22. Nxc6 bxc6 23. Ne5 a5 24. Nxd7+ Qxd7 25. Bf5 Re6 26. Bxe6 fxe6 27. Rf3+ Nf6 28. Rxe6 Kg8 29. Re7 Qd6 30. Qe6+ Qxe6 31. Rxe6 Rc8 32. Rfe3 Kf7 33. Re7+ Kg6 34. Rg3+ Kf5 35. Rgxg7 Ne4 36. g4+ Kf4 37. Rgf7+ Kg5 38. Rf5+ Kg6 39. Re6+ Kg7 40. Re7+ Kg6 41. h4 Rb8 42. h5# 1-0


[Site "https://www.chess.com"]

[Event "Titled Tuesday Blitz November 22 Late 2022"]
[White "Javakhadze, Zurab"]
[Black "Lashkin, Jegor"]
[WhiteFideId "13603647"]
[BlackFideId "13907808"]
[WhiteElo "2381"]
[BlackElo "2368"]
[Result "1-0"]
[Round "04"]
[TimeControl "180+1"]
[Date "2022.11.22"]
[WhiteClock "0:00:45"]
[BlackClock "0:00:10"]

1. Nf3 d5 2. g3 c6 3. Bg2 Bg4 4. O-O Nd7 5. d3 e5 6. e4 dxe4 7. dxe4 Ngf6 8. Nbd2 Bc5 9. Qe1 O-O 10. Nc4 Re8 11. h3 Be6 12. Ncxe5 Nxe5 13. Nxe5 Qc7 14. Nd3 Bb6 15. Bf4 Qe7 16. Kh2 Bc4 17. Qc3 Bb5 18. a4 Bxd3 19. cxd3 Rad8 20. Be3 Bxe3 21. fxe3 c5 22. Rf5 b6 23. Raf1 Rf8 24. Qc4 Qd7 25. e5 Nd5 26. Qe4 Qe6 27. h4 Nb4 28. d4 cxd4 29. exd4 Qc4 30. R1f4 Nd5 31. Rg4 g6 32. h5 Kh8 33. hxg6 hxg6 34. Rfg5 Qc1 35. Rxg6 fxg6 36. Qxg6 1-0


[Site "https://www.chess.com"]

[Event "Titled Tuesday Blitz November 22 Late 2022"]
[White "Jeet, Jain"]
[Black "Kilic, Eray"]
[WhiteFideId "5073022"]
[BlackFideId "44517173"]
[WhiteElo "2067"]
[BlackElo "2328"]
[Result "0-1"]
[Round "04"]
[TimeControl "180+1"]
[Date "2022.11.23"]
[WhiteClock "0:01:01"]
[BlackClock "0:01:44"]

1. d4 Nf6 2. Nf3 g6 3. Nbd2 d5 4. b3 Bg7 5. Bb2 O-O 6. e3 Nbd7 7. c4 c6 8. Bd3 dxc4 9. Nxc4 Nb6 10. Nxb6 axb6 11. a4 Be6 12. O-O Nd5 13. e4 Nb4 14. Bc4 Bxc4 15. bxc4 c5 16. Ba3 Nc6 17. d5 Bxa1 18. Qxa1 Na5 19. Qc3 Qd7 20. Bb2 f6 21. Ra1 Qg4 22. Re1 Rae8 23. h3 Qd7 24. e5 Qxa4 25. exf6 exf6 26. Rxe8 Qxe8 27. Ng5 Qe5 28. Qxe5 fxe5 29. Ne6 Re8 30. Nc7 Rd8 31. Ne6 Rd7 0-1


[Site "https://www.chess.com"]

[Event "Titled Tuesday Blitz November 22 Late 2022"]
[White "Jobava, Baadur"]
[Black "Yuan, Qingyu"]
[WhiteFideId "13601520"]
[BlackFideId "8609772"]
[WhiteElo "2582"]
[BlackElo "2359"]
[Result "1-0"]
[Round "04"]
[TimeControl "180+1"]
[Date "2022.11.22"]
[WhiteClock "0:01:23"]
[BlackClock "0:00:49"]

1. e4 e5 2. Nf3 Nc6 3. c3 Nf6 4. d3 d5 5. Qc2 a5 6. Be2 h6 7. a4 Bc5 8. O-O O-O 9. h3 Re8 10. Re1 b6 11. Na3 Ba6 12. Nb5 Re6 13. Bf1 Ne7 14. exd5 Nexd5 15. Rxe5 Bxb5 16. axb5 Qe8 17. d4 Bd6 18. Rxe6 Qxe6 19. Bd2 Nf4 20. Re1 Qd5 21. Ne5 Ne6 22. Bc4 Qb7 23. Nxf7 Kxf7 24. Bxe6+ Kf8 25. Qg6 c6 26. bxc6 Qe7 27. Ba2 Qc7 28. Bxh6 Ng8 29. Bxg7+ Qxg7 30. Qxd6+ Ne7 31. c7 Rc8 32. Qd8+ 1-0


[Site "https://www.chess.com"]

[Event "Titled Tuesday Blitz November 22 Late 2022"]
[White "Kaganskiy, Gleb"]
[Black "De La Colina, Nicolas"]
[WhiteFideId "4132025"]
[BlackFideId "30946921"]
[WhiteElo "2165"]
[BlackElo "2046"]
[Result "0-1"]
[Round "04"]
[TimeControl "180+1"]
[Date "2022.11.23"]
[WhiteClock "0:00:02"]
[BlackClock "0:00:14"]

1. e4 c5 2. Nf3 Nc6 3. Bb5 Nf6 4. Bxc6 dxc6 5. d3 Bg4 6. Nbd2 Nd7 7. h3 Bh5 8. a4 a5 9. g4 Bg6 10. Nc4 Qc7 11. Be3 e5 12. Qd2 f6 13. O-O Bf7 14. b3 g5 15. h4 h6 16. h5 b6 17. Nh2 Be7 18. f3 O-O 19. Rf2 Rfd8 20. Nf1 Nf8 21. Ng3 Ne6 22. Nf5 Bf8 23. Qc3 Nd4 24. Bxd4 cxd4 25. Qd2 Kh7 26. Kg2 Bb4 27. Qe2 Bc3 28. Ra2 b5 29. axb5 cxb5 30. Na3 Qc5 31. Nb1 Bb4 32. Kh3 a4 33. Rb2 Bc3 34. Ra2 axb3 35. Rxa8 Rxa8 36. cxb3 Bxb3 37. f4 gxf4 38. g5 fxg5 39. Qg4 Be6 40. Nd2 Ra2 41. Qd1 Qb4 42. Nf3 Rxf2 43. Nxe5 Qb2 44. Qg1 Qe2 45. Ng4 Rf3+ 46. Qg3 Rxg3+ 0-1


[Site "https://www.chess.com"]

[Event "Titled Tuesday Blitz November 22 Late 2022"]
[White "Kalogeris, Ioannis"]
[Black "Goltsev, Dmitry"]
[WhiteFideId "4239563"]
[BlackFideId "24176710"]
[WhiteElo "2312"]
[BlackElo "2289"]
[Result "0-1"]
[Round "04"]
[TimeControl "180+1"]
[Date "2022.11.23"]
[WhiteClock "0:00:10"]
[BlackClock "0:00:49"]

1. e4 e6 2. d3 d5 3. Qe2 dxe4 4. dxe4 Nc6 5. c3 Nf6 6. Nf3 e5 7. Nbd2 Bc5 8. Nc4 Qe7 9. h3 a5 10. g4 h6 11. Bg2 b6 12. a4 Ba6 13. O-O Qe6 14. b3 O-O 15. g5 Nh5 16. gxh6 Ng3 17. Qd2 Nxf1 18. Bxf1 gxh6 19. Nh4 Kh7 20. Kh2 Rg8 21. Nf5 Qg6 22. Qxh6+ Qxh6 23. Nxh6 Rg6 24. Ng4 f6 25. Be2 Rd8 26. Kg3 Ne7 27. Ra2 f5 28. exf5 Nxf5+ 29. Kg2 Bb7+ 30. f3 e4 31. Ne5 exf3+ 32. Bxf3 Nh4+ 33. Kg3 Nxf3 34. Nxg6 Kxg6 35. Re2 Rd1 36. Be3 Bd6+ 37. Kf2 Rh1 38. Bh6 Rxh3 39. Re6+ Kf5 40. Rf6+ Kxg4 0-1


[Site "https://www.chess.com"]

[Event "Titled Tuesday Blitz November 22 Late 2022"]
[White "Keymer, Vincent"]
[Black "Pakleza, Zbigniew"]
[WhiteFideId "12940690"]
[BlackFideId "1119290"]
[WhiteElo "2600"]
[BlackElo "2411"]
[Result "1-0"]
[Round "04"]
[TimeControl "180+1"]
[Date "2022.11.22"]
[WhiteClock "0:00:05"]
[BlackClock "0:00:05"]

1. Nf3 d5 2. e3 Nf6 3. c4 c6 4. Nc3 Bg4 5. cxd5 Bxf3 6. Qxf3 cxd5 7. Bb5+ Nc6 8. d3 e6 9. e4 Be7 10. O-O O-O 11. Bxc6 bxc6 12. Bf4 c5 13. Rac1 Rc8 14. Rfd1 Qd7 15. b3 Rfd8 16. h3 Qc6 17. Qe2 Qa6 18. Qf1 h6 19. Be5 Nd7 20. Bg3 Nb6 21. Qe2 Bf6 22. e5 Be7 23. Kh2 d4 24. Ne4 Nd5 25. Rc4 Rc6 26. Rdc1 Rdc8 27. h4 Nb4 28. Ra1 Nd5 29. h5 Kf8 30. Qg4 Nb6 31. Rcc1 Qxd3 32. Bh4 Bxh4 33. Qxh4 Nd7 34. Nd6 Nxe5 35. Nxc8 Rxc8 36. Rxc5 g5 37. Rxc8+ Kg7 38. Qg3 Qe4 39. Kg1 d3 40. Rd1 Qd4 41. Rd8 Qxd8 42. Qxe5+ f6 43. Qe3 Qe7 44. Qxd3 f5 45. Qd4+ Qf6 46. Qxf6+ Kxf6 47. Rd7 1-0


[Site "https://www.chess.com"]

[Event "Titled Tuesday Blitz November 22 Late 2022"]
[White "Khandelwal, Ankush"]
[Black "Kravtsiv, Martyn"]
[WhiteFideId "413470"]
[BlackFideId "14113147"]
[WhiteElo "2271"]
[BlackElo "2694"]
[Result "0-1"]
[Round "04"]
[TimeControl "180+1"]
[Date "2022.11.22"]
[WhiteClock "0:01:35"]
[BlackClock "0:02:08"]

1. e4 e5 2. Nf3 Nc6 3. d4 exd4 4. Nxd4 Nf6 5. Nxc6 bxc6 6. e5 Qe7 7. Qe2 Nd5 8. g3 g6 9. c4 Ba6 10. b3 Bg7 11. Bb2 O-O 12. Bg2 Rfe8 13. O-O Bxe5 14. Qxe5 Qxe5 15. Bxe5 Rxe5 16. cxd5 Bxf1 17. Kxf1 cxd5 18. f4 Re3 19. Bxd5 Rae8 20. Nd2 Rd3 21. Ne4 Kg7 22. Bc4 Rd4 23. Nc3 Rd2 24. Be2 Rc2 0-1


[Site "https://www.chess.com"]